 Dungeon Crawl Stone Soup version 0.28-a0-1199-gef9e1dbd39 (webtiles) character file.

Game seed: 10724262014443188135

124 siradein the Skirmisher (level 5, -5/47 HPs)
             Began as a Hill Orc Fighter on Dec 20, 2021.
             Slain by an ogre (20 damage)
             ... on level 3 of the Dungeon.
             The game lasted 00:07:20 (3288 turns).

siradein the Skirmisher (Hill Orc Fighter)          Turns: 3288, Time: 00:07:21

Health: -5/47      AC:  7    Str: 21    XL:     5   Next: 8%
Magic:  5/5        EV:  9    Int:  8    God:
Gold:   160        SH:  9    Dex: 10    Spells: 4/4 levels left

rFire   . . .      SeeInvis .   a - +0 long sword
rCold   . . .      Faith    .   c - +0 buckler
rNeg    . . .      Spirit   .   b - +0 scale mail
rPois   .          Reflect  +   (no helmet)
rElec   .          Harm     .   (no cloak)
rCorr   .          Rampage  .   (no gloves)
Will    +....                   (no boots)
Stlth   ..........              h - amulet of reflection
HPRegen 0.15/turn               l - ring of willpower
MPRegen 0.09/turn               (no ring)

@: no status effects
A: no striking features
a: no special abilities


You were on level 3 of the Dungeon.
You visited 1 branch of the dungeon, and saw 4 of its levels.

You collected 160 gold pieces.

Inventory:

Hand Weapons
 a - a +0 long sword (weapon)
Armour
 b - a +0 scale mail (worn)
 c - a +0 buckler (worn)
Jewellery
 h - an amulet of reflection (around neck)
 l - a ring of willpower (left hand)
Scrolls
 e - 2 scrolls of summoning {unknown}
 f - a scroll of magic mapping {unknown}
 m - a scroll of blinking {unknown}
 n - 2 scrolls of teleportation {unknown}
Potions
 d - 2 potions of might
 g - a potion of curing {unknown}
 i - a potion of lignification {unknown}
 j - 2 potions of ambrosia {unknown}
 k - a potion of mutation {unknown}


   Skills:
 + Level 4.6 Fighting
 + Level 3.3 Long Blades
 + Level 4.2 Armour
 + Level 4.1 Shields


You had 4 spell levels left.
You didn't know any spells.
Your spell library contained the following spells:

 Spells                   Type           Power      Damage    Failure   Level
 Blink                    Tloc           0%         N/A       86%         2
 Lesser Beckoning         Tloc           0%         N/A       98%         3
 Manifold Assault         Tloc           0%         N/A       100%        5


Dungeon Overview and Level Annotations

Branches:
Dungeon (4/15)
 Temple: D:4-7

Altars:
Hepliaklqana
Sif Muna


Message History

There is a stone staircase leading up here.
The ogre hits you with a +0 giant spiked club!!
Ouch! That really hurt!
* * * LOW HITPOINT WARNING * * *
You climb upwards.
There is a stone staircase leading down here.
The ogre barely misses you.
You see here a +0 club.
There is a stone staircase leading up here.
You slash the ogre!
The ogre is heavily wounded.
The ogre hits you with a +0 giant spiked club!!
* * * LOW HITPOINT WARNING * * *
You see here an amulet of reflection.
There is a stone staircase leading up here.
You see here 6 bolts.
There is a stone staircase leading up here.
You block the ogre's attack.
There is a stone staircase leading up here.
You climb upwards.
There is a stone staircase leading down here.
You start resting.
HP restored.
You climb downwards.
The ogre closely misses you.
The ogre hits you with a +0 giant spiked club!
There is a stone staircase leading up, spattered with blood here.
You slash the ogre!
The ogre is moderately wounded.
You slash the ogre!
The ogre is heavily wounded.
The ogre barely misses you.
You completely miss the ogre.
The ogre is heavily wounded.
The ogre hits you with a +0 giant spiked club!
You are too injured to fight recklessly!
You are too injured to fight recklessly!
You hit the ogre but do no damage.
The ogre is heavily wounded.
The ogre hits you with a +0 giant spiked club!!
You die...

#.#
#.##................##
#.#
#..........##.#######
#.# #..#.......##.#
#.# #..........##.#
#.#
#.#........##.########
#.#
#.#........##.#......#
#.#
#.....<#.)....#.####.#
#.#####..#O..######.#
#.# #........@..## #.#
#.# #######..#### #.#
#.. ##..# #.######
#...# ##...#### #...#
#........ ####..)####
#.##.#### ##.........#
#.##.##.. #..........#
#.##.##.#
#..........##
##.##.##.#


You could see an ogre.

Vanquished Creatures
  6 adders
  An ufetubus (D:4)
  2 worms (D:3)
  5 dart slugs
  2 orcs
  5 endoplasms
  2 giant cockroaches (D:1)
  A hobgoblin (D:3)
  3 kobolds
  A quokka (D:2)
  7 ball pythons
  6 bats
  2 frilled lizards
  5 goblins
  5 rats
53 creatures vanquished.

Notes
Turn   | Place    | Note
-------+----------+-------------------------------------------
     0 | D:1      | siradein the Hill Orc Fighter began the quest for the Orb.
     0 | D:1      | Reached XP level 1. HP: 19/19 MP: 1/1
   365 | D:1      | Reached XP level 2. HP: 27/27 MP: 2/2
   787 | D:1      | Found a faded altar of an unknown god.
  1149 | D:2      | Reached XP level 3. HP: 33/33 MP: 3/3
  1488 | D:2      | Reached XP level 4. HP: 37/40 MP: 4/4
  2252 | D:3      | Found a shimmering blue altar of Sif Muna.
  2534 | D:3      | Found a hazy altar of Hepliaklqana.
  2871 | D:4      | Reached XP level 5. HP: 47/47 MP: 5/5
  2884 | D:4      | Noticed an ogre
  2890 | D:4      | Noticed an ogre
  3288 | D:3      | Slain by an ogre

Illustrated notes

Levels and vault maps discovered:
D:1:      dpeg_arrival_connections, layout_loops_corners,
          shapermc_ecumenical_altar_ellora
D:2:      layout_loops_ring, chequers_serial_rivers_micro_b, minmay_pentomino_q2
D:3:      layout_loops_ring, led_sif_pool, nicolae_hepliaklqana_hazy_memory,
          grunt_decor_clamped, minmay_close_crescents
D:4:      layout_basic, nicolae_dithmenos_shadow_blocks, minmay_puff

Skill      XL: |  1  2  3  4 |
---------------+-------------+-----
Fighting       | 4 |  4.6
Long Blades    | 3 |  3.3
Armour         | 4 |  4.2
Shields        | 4 |  4.1

Action                   |  1- 3 |  4- 6 || total
-------------------------+-------+-------++-------
Melee: Long sword        |    98 |    55 ||   153
Armor: Scale mail        |    53 |    24 ||    77
Dodge: Dodged            |    48 |    24 ||    72
Block: Buckler           |    27 |    15 ||    42
       Reflection        |       |     2 ||     2

Table legend: (Time is in decaauts)
 A = Elapsed time spent in this place.
 B = Non-inter-level travel time spent in this place.
 C = Inter-level travel time spent in this place.
 D = Time resting spent in this place.
 E = Time spent auto-exploring this place.
 F = Levels seen in this place.
 G = Mean time per level.
                   A        B        C        D        E       F      G
               +--------+--------+--------+--------+--------+-----+--------+
         Total |   3330 |   3223 |    107 |    109 |   2454 |   4 |  832.5 |
       Dungeon |   3330 |   3223 |    107 |    109 |   2454 |   4 |  832.5 |
               +--------+--------+--------+--------+--------+-----+--------+

Top non-repeatable levels by time:
     D:2: 1138 daAuts
     D:1: 1047 daAuts
     D:3: 1035 daAuts
     D:4: 108 daAuts
